 Dungeon Crawl Stone Soup version 0.31.0-32-g396128a36d (webtiles) character file.

Game seed: 12076999552407167566

27 PaiMei the Grave Robber (level 2, -4/20 HPs)
             Began as a Demonspawn Necromancer on Apr 19, 2024.
             Slain by a gnoll
             ... wielding a +0 flail
              (12 damage)
             ... on level 1 of the Dungeon.
             The game lasted 00:01:50 (1148 turns).

PaiMei the Grave Robber (Demonspawn Necromancer)    Turns: 1148, Time: 00:01:50

Health: -4/20      AC:  3    Str:  8    XL:     2   Next: 93%
Magic:  2/5        EV: 12    Int: 15    God:
Gold:   55         SH:  0    Dex: 13    Spells: 4/5 levels left

rFire   . . .        g - +1 short sword (venom)
rCold   . . .        (no shield)
rNeg    . . .        a - +0 robe
rPois   .            (no helmet)
rElec   .            d - +0 cloak
rCorr   .            (no gloves)
SInv    .            (no boots)
Will    .....        (no amulet)
Stlth   ++           (no ring)
HPRegen 0.23/turn    (no ring)
MPRegen 0.09/turn

%: no passive effects
@: very slightly contaminated
A: demonic magic 1
a: no special abilities


You were on level 1 of the Dungeon.
You visited 1 branch of the dungeon, and saw 1 of its levels.

You collected 55 gold pieces.

Inventory:

Hand Weapons
 f - a +0 dagger
 g - a +1 short sword of venom (weapon)
Armour
 a - a +0 robe (worn)
 d - a +0 cloak (worn)
Jewellery
 h - a ring of magical power
Potions
 b - a potion of magic
 c - a potion of heal wounds {unknown}
 e - a potion of attraction {unknown}


   Skills:
 + Level 0.6 Fighting
 + Level 2.2 Dodging
 - Level 2.0 Stealth
 + Level 2.3 Spellcasting
 + Level 4.6 Necromancy


You had 4 spell levels left.
You knew the following spells:

 Your Spells              Type           Power      Damage    Failure   Level
a - Necrotise             Necr           60%        1d7       3%          1

Your spell library contained the following spells:

 Spells                   Type           Power      Damage    Failure   Level
 Vampiric Draining        Necr           15%        2d7       10%         3
 Animate Dead             Necr           15%        N/A       30%         4
 Curse of Agony           Necr           15%        N/A       65%         5


Dungeon Overview and Level Annotations

Branches:
Dungeon (1/15)

Altars:


Innate Abilities, Weirdness & Mutations

Spells you cast may paralyse adjacent enemies.


Message History

Aim: a rat (chance to affect: 85%)
The rat writhes in agony.
You kill the rat!
Malevolent energies surge around you.
The dead are walking!
Casting: Necrotise (safe; 3% risk of failure)
Confirm with . or Enter, or press ? or * to list all spells.
You can't see any susceptible monsters within range! (Use Z to cast anyway.)
You swap places.
You now have 55 gold pieces (gained 9).
Your rat skeleton crumbles into dust!
You open the door.
There is an open door here.
You open the door.
The gnoll shouts!
A gnoll is nearby!
Casting: Necrotise (safe; 3% risk of failure)
Confirm with . or Enter, or press ? or * to list all spells.
Aiming: Necrotise (safe; 3% risk of failure)
Press: ? - help, Shift-Dir - straight line, f - gnoll
Aim: a gnoll, wielding a +0 flail (chance to affect: 79%)
The gnoll barely resists.
Malevolent energies surge around you. The gnoll misses you.
Casting: Necrotise (safe; 3% risk of failure)
Confirm with . or Enter, or press ? or * to list all spells.
Aiming: Necrotise (safe; 3% risk of failure)
Press: ? - help, Shift-Dir - straight line, f/p - gnoll
Aim: a gnoll, wielding a +0 flail (chance to affect: 79%)
The gnoll writhes in agony.
Malevolent energies surge around you. The gnoll hits you with a +0 flail!
Ouch! That really hurt!
Casting: Necrotise (safe; 3% risk of failure)
Confirm with . or Enter, or press ? or * to list all spells.
Aiming: Necrotise (safe; 3% risk of failure)
Press: ? - help, Shift-Dir - straight line, f/p - gnoll
Aim: a gnoll, wielding a +0 flail (moderately wounded, chance to affect: 79%)
You miscast Necrotise.
You are very lightly contaminated with residual magic.
Nothing appears to happen.
The gnoll hits you with a +0 flail!
Ouch! That really hurt!
You die...

#.# #.# #.# #.# ##)# ##.#######
#..# #.....(... . #
###..####..####### #.# .
.#...........# ...# #
.'.........#+##### .....
.#...####........#.......
.#..............@g......
.....#...........#.....#
.................#.....# ..
.................#.....#####...##
.....#.....#'#####.........[.....
.....+..................##.#.....
.....#.......#####...#.###.##..##
##...#.......# #...#...........
.#.#.#......## ##.....##.##....


You could see a gnoll.

Vanquished Creatures
  A ball python (D:1)
  3 endoplasms (D:1)
  3 goblins (D:1)
  3 hobgoblins (D:1)
  A quokka (D:1)
  3 bats (D:1)
  A frilled lizard (D:1)
  4 kobolds (D:1)
  6 rats (D:1)
25 creatures vanquished.

Vanquished Creatures (collateral kills)
  A kobold (D:1)
1 creature vanquished.

Grand Total: 26 creatures vanquished

Notes
Turn   | Place    | Note
-------+----------+-------------------------------------------
     0 | D:1      | PaiMei the Demonspawn Necromancer began the quest for the
                  | Orb.
     0 | D:1      | Reached XP level 1. HP: 13/13 MP: 3/3
   333 | D:1      | Gained mutation: Spells you cast may paralyse adjacent
                  | enemies. [demonic ancestry]
   333 | D:1      | Reached XP level 2. HP: 19/19 MP: 0/5
  1148 | D:1      | Slain by a gnoll

Illustrated notes

Levels and vault maps discovered:
D:1:      zaba_arrival_water, layout_basic

Skill      XL: |  1 |
---------------+----+-----
Stealth        | 2 |  2.0
Dodging        | 2 |  2.2
Fighting       | |  0.6
Spellcasting   | |  2.3
Necromancy     | |  4.6

Action                     || total
---------------------------++-------
  Melee: Unarmed           ||     4
   Cast: Necrotise         ||    44
   Stab: Paralysed         ||     3
 Armour: Robe              ||     3
  Dodge: Dodged            ||     3
